 Dungeon Crawl Stone Soup version 0.28-a0-1233-g92def6ad0a (webtiles) character file.

Game seed: 8019379287159142328

30 HessuHobo the Skirmisher (level 3, -3/40 HPs)
             Began as an Ogre Fighter on Dec 23, 2021.
             Slain by a gnoll (10 damage)
             ... on level 1 of the Dungeon.
             The game lasted 00:01:34 (1772 turns).

HessuHobo the Skirmisher (Ogre Fighter)             Turns: 1772, Time: 00:01:35

Health: -3/40      AC:  3    Str: 22    XL:     3   Next: 20%
Magic:  3/3        EV:  8    Int:  9    God:
Gold:   90         SH:  7    Dex:  8    Spells: 2/2 levels left

rFire   . . .      SeeInvis .   a - +0 flail
rCold   . . .      Faith    .   c - +0 kite shield
rNeg    . . .      Spirit   .   b - +0 robe
rPois   .          Reflect  .   (helmet restricted)
rElec   .          Harm     .   (no cloak)
rCorr   .          Rampage  .   (gloves unavailable)
Will    .....                   (boots unavailable)
Stlth   +.........              (no amulet)
HPRegen 0.13/turn               (no ring)
MPRegen 0.08/turn               (no ring)

@: no status effects
A: large, unfitting armour, tough skin 1
a: no special abilities


You were on level 1 of the Dungeon.
You visited 1 branch of the dungeon, and saw 2 of its levels.

You collected 90 gold pieces.

Inventory:

Hand Weapons
 a - a +0 flail (weapon)
Armour
 b - a +0 robe (worn)
 c - a +0 kite shield (worn)
Scrolls
 e - a scroll of vulnerability {unknown}
 f - a scroll of amnesia {unknown}
Potions
 d - a potion of might


   Skills:
 + Level 4.5 Fighting
 * Level 2.8 Maces & Flails
 - Level 2.6 Dodging
 - Level 2.6 Shields


You had 2 spell levels left.
You didn't know any spells.
Your spell library was empty.

Dungeon Overview and Level Annotations

Branches:
Dungeon (2/15)

Altars:
Yredelemnul

Annotations:
D:2 Robin


Innate Abilities, Weirdness & Mutations

You are too large for most types of armour.
You have tough skin. (AC +1)


Message History

A rat comes into view.
The gnoll shouts!
A quokka comes into view.
You block the ball python's attack. The ball python bites you.
The quokka bites you but does no damage.
You miss the quokka. The quokka bites you. The quokka closely misses you.
You hit the quokka.
The quokka is heavily wounded.
The quokka bites you. x2
You hit the quokka.
The quokka is almost dead.
The quokka bites you but does no damage.
You block the quokka's attack.
You hit the quokka.
You kill the quokka!
The gnoll hits you with a +0 flail.
You hit the gnoll.
The gnoll is moderately wounded.
You block the gnoll's attack.
You barely miss the gnoll.
The gnoll is moderately wounded.
The gnoll closely misses you. The gnoll hits you with a +0 flail!
You closely miss the gnoll.
The gnoll is moderately wounded.
The gnoll hits you with a +0 flail.
You barely miss the gnoll.
The gnoll is moderately wounded.
The gnoll barely misses you. The gnoll closely misses you.
You barely miss the gnoll.
The gnoll is moderately wounded.
You block the gnoll's attack.
You sock the gnoll!
The gnoll is almost dead.
The gnoll hits you with a +0 flail!
* * * LOW HITPOINT WARNING * * *
The gnoll barely misses you.
You closely miss the gnoll.
The gnoll is almost dead.
The gnoll hits you with a +0 flail!
You die...

#.#......#
#.####....#
#....>...#
..≈..#...
#.#####.#.###
## ..≈≈.≈..
#.....###..
#.##.≈≈≈≈≈≈
#.####.#.###
##.#.≈≈≈≈≈≈
#...#
#...≈.≈≈≈≈.
#.#.#
#.≈≈≈≈≈≈≈≈
#.#@#
#.≈≈≈≈≈≈≈≈
##.#g#
##.≈≈≈..≈≈.
#...r#
#)≈≈≈.≈<≈.≈
#..###
#.#.≈.≈≈.≈≈≈
.....#
#..≈≈≈≈≈≈≈
......##
##.≈≈≈≈≈≈≈≈
#.##..
##...≈≈≈≈≈≈≈
# #.#
#≈≈.≈.≈≈≈≈≈≈
#.
##≈≈≈≈.≈≈≈≈.


You could see a gnoll and a rat.

Vanquished Creatures
  2 dart slugs (D:1)
  A ball python (D:1)
  3 bats
  2 endoplasms (D:1)
  2 giant cockroaches (D:1)
  2 goblins (D:1)
  3 hobgoblins (D:1)
  A kobold (D:2)
  2 quokkas (D:1)
  4 frilled lizards
  A rat (D:2)
23 creatures vanquished.

Notes
Turn   | Place    | Note
-------+----------+-------------------------------------------
     0 | D:1      | HessuHobo the Ogre Fighter began the quest for the Orb.
     0 | D:1      | Reached XP level 1. HP: 24/24 MP: 1/1
   441 | D:1      | Reached XP level 2. HP: 30/32 MP: 2/2
  1235 | D:1      | You fall into a shaft and drop 1 floor!
  1350 | D:2      | Found a basalt altar of Yredelemnul.
  1403 | D:2      | Found a faded altar of an unknown god.
  1404 | D:2      | Noticed Robin
  1442 | D:2      | Reached XP level 3. HP: 29/40 MP: 3/3
  1772 | D:1      | Slain by a gnoll

Illustrated notes

Levels and vault maps discovered:
D:1:      dpeg_arrival_subterranean_lakeside_camping, layout_loops_ring,
          kennysheep_minor_cross, hangedman_abyss_or_decor_lesser_grid,
          bh_walls_and_bars
D:2:      layout_loops_ring, basic_altar, ebering_ecumenical_altar_abandoned,
          minmay_misc_feat_columns, minmay_hedge_maze, dk_vineyard_1, uniq_robin

Skill      XL: |  1 |
---------------+----+-----
Maces & Flails | 2 |  2.8
Fighting       | |  4.5
Dodging        | |  2.6
Shields        | |  2.6

Action                   || total
-------------------------++-------
Melee: Flail             ||    84
Armor: Robe              ||    31
Dodge: Dodged            ||    28
Block: Kite shield       ||    32

Table legend: (Time is in decaauts)
 A = Elapsed time spent in this place.
 B = Non-inter-level travel time spent in this place.
 C = Inter-level travel time spent in this place.
 D = Time resting spent in this place.
 E = Time spent auto-exploring this place.
 F = Levels seen in this place.
 G = Mean time per level.
                   A        B        C        D        E       F      G
               +--------+--------+--------+--------+--------+-----+--------+
         Total |   1813 |   1813 |      0 |   1144 |    423 |   2 |  906.5 |
       Dungeon |   1813 |   1813 |      0 |   1144 |    423 |   2 |  906.5 |
               +--------+--------+--------+--------+--------+-----+--------+

Top non-repeatable levels by time:
     D:1: 1593 daAuts
     D:2: 219 daAuts
